PIO (24 & UNDER)
SURREY SINNERS @ CHULA VISTA TACOS
05/06/2028
 
TOP OF THE 1ST
Surrey Sinners batting - Pitching for Chula Vista Tacos : LHP Brian Hodges
Pitching: LHP Brian Hodges
Batting: RHB Jorge Barrios 0-0: Ground out 4-3 (Groundball, 4)
Batting: LHB Jorge Martínez 0-0: Ball
1-0: Fly out, F7 (Flyball, 7LM)
Batting: LHB Iván Espinosa 0-0: Ball
1-0: Fly out, F8 (Flyball, 89S)
Top of the 1st over - 0 run(s), 0 hit(s), 0 error(s), 0 left on base; Surrey 0 - Chula Vista 0
BOTTOM OF THE 1ST
Chula Vista Tacos batting - Pitching for Surrey Sinners : LHP Scott Davis
Pitching: LHP Scott Davis
Batting: RHB Matt O'Rourke 0-0: Swinging Strike
0-1: SINGLE (Groundball, 6D)
Batting: RHB Ron Garrett 0-0: Ball
1-0: Called Strike
1-1: 2-RUN HOME RUN (Flyball, 8LD), Distance : 432 ft
Batting: LHB Arthur MacDonald 0-0: Ball
1-0: Swinging Strike
1-1: Ball
2-1: Ball
3-1: Foul Ball, location: 2F
3-2: Foul Ball, location: 2F
3-2: Strikes out swinging
Batting: RHB Jake Reeves 0-0: Called Strike
0-1: Foul Ball, location: 2F
0-2: Strikes out swinging
Batting: LHB Steven Smith 0-0: Ground out 4-3 (Groundball, 4)
Bottom of the 1st over - 2 run(s), 2 hit(s), 0 error(s), 0 left on base; Surrey 0 - Chula Vista 2
TOP OF THE 2ND
Surrey Sinners batting - Pitching for Chula Vista Tacos : LHP Brian Hodges
Batting: RHB Dennis House 0-0: Fly out, F8 (Flyball, 8RS)
Batting: RHB John Stevens 0-0: Called Strike
0-1: Foul Ball, location: 2F
0-2: Ground out 4-3 (Groundball, 4)
Batting: RHB Jason Nava 0-0: Called Strike
0-1: Ball
1-1: Ball
2-1: Ball
3-1: Called Strike
3-2: Fly out, F9 (Line Drive, 89M)
Top of the 2nd over - 0 run(s), 0 hit(s), 0 error(s), 0 left on base; Surrey 0 - Chula Vista 2
BOTTOM OF THE 2ND
Chula Vista Tacos batting - Pitching for Surrey Sinners : LHP Scott Davis
Batting: RHB Jake Lawrence 0-0: Swinging Strike
0-1: Foul Ball, location: 2F
0-2: Ball
1-2: Ball
2-2: Foul Ball, location: 2F
2-2: Strikes out swinging
Batting: LHB Roderick Delgado 0-0: Ball
1-0: Ground out 4-3 (Groundball, 34D)
Batting: LHB Nick Hill 0-0: Called Strike
0-1: Ball
1-1: Swinging Strike
1-2: Ground out U3 (Groundball, 3L)
Bottom of the 2nd over - 0 run(s), 0 hit(s), 0 error(s), 0 left on base; Surrey 0 - Chula Vista 2
TOP OF THE 3RD
Surrey Sinners batting - Pitching for Chula Vista Tacos : LHP Brian Hodges
Now in RF: Domynguos Tabucchi
Batting: SHB Norberto Muńóz 0-0: Ball
1-0: Ball
2-0: Ball
3-0: Called Strike
3-1: Base on Balls
Batting: RHB Mauro Paredes 0-0: Ball
1-0: Called Strike
1-1: Ball
2-1: Ball
3-1: Hit by Pitch
Norberto Muńóz to second
Batting: RHB Heath O'Keerwin 0-0: Ball
1-0: Ball
2-0: Grounds into double play, 5-4-3 (Groundball, 56)
Norberto Muńóz to third
Batting: RHB Jorge Barrios 0-0: Foul Ball, location: 2F
0-1: Ball
1-1: Ball
2-1: Fly out, F9 (Line Drive, 9)
Top of the 3rd over - 0 run(s), 0 hit(s), 0 error(s), 1 left on base; Surrey 0 - Chula Vista 2
BOTTOM OF THE 3RD
Chula Vista Tacos batting - Pitching for Surrey Sinners : LHP Scott Davis
Batting: RHB Júlio García 0-0: Foul Ball, location: 2F
0-1: Foul Ball, location: 2F
0-2: Strikes out swinging
Batting: RHB Matt O'Rourke 0-0: Foul Ball, location: 2F
0-1: Called Strike
0-2: Foul Ball, location: 2F
0-2: Ball
1-2: SINGLE (Groundball, 15S) (infield hit)
Batting: RHB Ron Garrett 0-0: Ball
1-0: Foul Ball, location: 2F
1-1: Swinging Strike
1-2: Fly out, F3 (Flyball, 3DF)
Batting: RHB Domynguos Tabucchi 0-0: Called Strike
0-1: Ground out 4-3 (Groundball, 4S)
Bottom of the 3rd over - 0 run(s), 1 hit(s), 0 error(s), 1 left on base; Surrey 0 - Chula Vista 2
TOP OF THE 4TH
Surrey Sinners batting - Pitching for Chula Vista Tacos : LHP Brian Hodges
Batting: LHB Jorge Martínez 0-0: SINGLE (Line Drive, 89S)
Batting: LHB Iván Espinosa 0-0: Fielders Choice at 2nd, 4-6 (Groundball, 4)
Batting: RHB Dennis House 0-0: Called Strike
0-1: Ball
1-1: Ball
2-1: Foul Ball, location: 2F
2-2: DOUBLE (Line Drive, 9LM)
Iván Espinosa to third
Batting: RHB John Stevens 0-0: Called Strike
0-1: Called Strike
0-2: Ground out 5-3 (Groundball, 56S)
Iván Espinosa scores
Dennis House to third
Batting: RHB Jason Nava 0-0: Called Strike
0-1: Called Strike
0-2: Strikes out swinging
Top of the 4th over - 1 run(s), 2 hit(s), 0 error(s), 1 left on base; Surrey 1 - Chula Vista 2
BOTTOM OF THE 4TH
Chula Vista Tacos batting - Pitching for Surrey Sinners : LHP Scott Davis
Batting: RHB Jake Reeves 0-0: Called Strike
0-1: Called Strike
0-2: Ball
1-2: Ball
2-2: Ground out 5-3 (Groundball, 56)
Batting: LHB Steven Smith 0-0: Foul Ball, location: 2F
0-1: Called Strike
0-2: Ball
1-2: Ball
2-2: SINGLE (Line Drive, 9S)
Batting: RHB Jake Lawrence 0-0: Called Strike
0-1: Called Strike
0-2: Foul Ball, location: 2F
0-2: Strikes out swinging
Batting: LHB Roderick Delgado 0-0: Ball
1-0: Called Strike
1-1: Called Strike
1-2: Foul Ball, location: 2F
1-2: Foul Ball, location: 2F
1-2: Ball
2-2: Foul Ball, location: 2F
2-2: Ball
3-2: Strikes out swinging
Bottom of the 4th over - 0 run(s), 1 hit(s), 0 error(s), 1 left on base; Surrey 1 - Chula Vista 2
TOP OF THE 5TH
Surrey Sinners batting - Pitching for Chula Vista Tacos : LHP Brian Hodges
Batting: SHB Norberto Muńóz 0-0: Ball
1-0: Swinging Strike
1-1: Swinging Strike
1-2: Foul Ball, location: 2F
1-2: Strikes out swinging
Batting: RHB Mauro Paredes 0-0: Hit by Pitch
Batting: RHB Heath O'Keerwin 0-0: Called Strike
0-1: SINGLE (Line Drive, 4MD)
Mauro Paredes to second
Batting: RHB Jorge Barrios 0-0: Ball
1-0: Foul Ball, location: 2F
1-1: Foul Ball, location: 2F
1-2: Ball
2-2: Strikes out looking
Batting: LHB Jorge Martínez 0-0: Ball
1-0: Foul Ball, location: 2F
1-1: 3-RUN HOME RUN (Flyball, 9D), Distance : 416 ft
Pitching: LHP Alonso Parrish
Batting: LHB Iván Espinosa 0-0: Called Strike
0-1: Foul Ball, location: 2F
0-2: Ball
1-2: Strikes out looking
Top of the 5th over - 3 run(s), 2 hit(s), 0 error(s), 0 left on base; Surrey 4 - Chula Vista 2
BOTTOM OF THE 5TH
Chula Vista Tacos batting - Pitching for Surrey Sinners : LHP Scott Davis
Batting: LHB Nick Hill 0-0: Foul Ball, location: 2F
0-1: SINGLE (Groundball, 6MD)
Batting: RHB Júlio García 0-0: Called Strike
0-1: Called Strike
0-2: Ball
1-2: Strikes out swinging
Batting: RHB Matt O'Rourke 0-0: Ball
1-0: Ball
2-0: Fly out, F8 (Flyball, 8LM)
Batting: RHB Ron Garrett 0-0: Fly out, F8 (Flyball, 8RD)
Bottom of the 5th over - 0 run(s), 1 hit(s), 0 error(s), 1 left on base; Surrey 4 - Chula Vista 2
TOP OF THE 6TH
Surrey Sinners batting - Pitching for Chula Vista Tacos : LHP Alonso Parrish
Batting: RHB Dennis House 0-0: Ball
1-0: Ball
2-0: Called Strike
2-1: Ground out U3 (Groundball, 3L)
Batting: RHB John Stevens 0-0: Ball
1-0: Ball
2-0: Ball
3-0: Base on Balls
Batting: RHB Jason Nava 0-0: Ball
1-0: Ball
2-0: Ball
3-0: Called Strike
3-1: Base on Balls
John Stevens to second
Batting: SHB Norberto Muńóz 0-0: Ball
1-0: Hit by Pitch
John Stevens to third
Jason Nava to second
Batting: RHB Mauro Paredes 0-0: Ball
1-0: Called Strike
1-1: Ball
2-1: Ball
3-1: Called Strike
3-2: Strikes out swinging
Batting: RHB Heath O'Keerwin 0-0: SINGLE (Line Drive, 6MD)
John Stevens scores
Jason Nava to third
Norberto Muńóz to second
Runner from 3rd tries for Home, SAFE, no throw
Pitching: RHP Andre Huff
Batting: RHB Jorge Barrios 0-0: Foul Ball, location: 2F
0-1: Ball
1-1: Swinging Strike
1-2: Single, Error in OF, E9, batter to second base
Norberto Muńóz scores
Heath O'Keerwin to third
Batting: LHB Jorge Martínez 0-0: Called Strike
0-1: Ball
1-1: Ball
2-1: Ball
3-1: Swinging Strike
3-2: Foul Ball, location: 2F
3-2: Strikes out looking
Top of the 6th over - 3 run(s), 2 hit(s), 1 error(s), 2 left on base; Surrey 7 - Chula Vista 2
BOTTOM OF THE 6TH
Chula Vista Tacos batting - Pitching for Surrey Sinners : LHP Scott Davis
Batting: RHB Domynguos Tabucchi 0-0: SINGLE (Groundball, 56D)
Batting: RHB Jake Reeves 0-0: Ball
1-0: Called Strike
Domynguos Tabucchi steals 2nd base
1-1: DOUBLE (Groundball, 5L)
Domynguos Tabucchi scores
Batting: LHB Steven Smith 0-0: Fly out, F8 (Flyball, 8RD)
Batting: RHB Jake Lawrence 0-0: Ball
1-0: Ball
2-0: Ball
3-0: Called Strike
3-1: Base on Balls
Pitching: LHP Ramón Cardenas
Batting: LHB Roderick Delgado 0-0: Called Strike
0-1: Swinging Strike
0-2: Ball
1-2: Strikes out looking
Batting: LHB Nick Hill 0-0: Ball
1-0: Ball
2-0: Called Strike
2-1: Foul Ball, location: 2F
2-2: Ball
3-2: Foul Ball, location: 2F
3-2: Base on Balls
Jake Reeves to third
Jake Lawrence to second
Batting: RHB Júlio García 0-0: Called Strike
0-1: Swinging Strike
0-2: Strikes out looking
Bottom of the 6th over - 1 run(s), 2 hit(s), 0 error(s), 3 left on base; Surrey 7 - Chula Vista 3
TOP OF THE 7TH
Surrey Sinners batting - Pitching for Chula Vista Tacos : RHP Andre Huff
Batting: LHB Iván Espinosa 0-0: Swinging Strike
0-1: Ball
1-1: Ball
2-1: SINGLE (Groundball, 34D)
Batting: RHB Dennis House 0-0: Foul Ball, location: 2F
0-1: Swinging Strike
0-2: Foul Ball, location: 2F
0-2: Ball
1-2: Ball
2-2: Strikes out swinging
Batting: RHB John Stevens 0-0: Called Strike
0-1: Ball
1-1: Ball
2-1: Fly out, F5 (Popup, 15)
Batting: RHB Jason Nava 0-0: Ball
1-0: Ball
2-0: Called Strike
2-1: Foul Ball, location: 2F
2-2: Foul Ball, location: 2F
2-2: Fly out, F4 (Popup, 4MD)
Top of the 7th over - 0 run(s), 1 hit(s), 0 error(s), 1 left on base; Surrey 7 - Chula Vista 3
BOTTOM OF THE 7TH
Chula Vista Tacos batting - Pitching for Surrey Sinners : LHP Ramón Cardenas
Batting: RHB Matt O'Rourke 0-0: Ground out 6-3 (Groundball, 6D)
Batting: RHB Ron Garrett 0-0: Ball
1-0: Called Strike
1-1: Fly out, F8 (Flyball, 8RM)
Batting: RHB Domynguos Tabucchi 0-0: Called Strike
0-1: Fly out, F8 (Flyball, 8LM)
Bottom of the 7th over - 0 run(s), 0 hit(s), 0 error(s), 0 left on base; Surrey 7 - Chula Vista 3
TOP OF THE 8TH
Surrey Sinners batting - Pitching for Chula Vista Tacos : RHP Andre Huff
Batting: SHB Norberto Muńóz 0-0: Ball
1-0: Called Strike
1-1: Called Strike
1-2: Foul Ball, location: 2F
1-2: Ball
2-2: Strikes out swinging
Batting: RHB Mauro Paredes 0-0: Ball
1-0: Ball
2-0: Ball
3-0: Called Strike
3-1: SINGLE (Flyball, 8LS)
Batting: RHB Heath O'Keerwin 0-0: Called Strike
0-1: Grounds into double play, 6-4-3 (Groundball, 6)
Top of the 8th over - 0 run(s), 1 hit(s), 0 error(s), 0 left on base; Surrey 7 - Chula Vista 3
BOTTOM OF THE 8TH
Chula Vista Tacos batting - Pitching for Surrey Sinners : LHP Ramón Cardenas
Batting: RHB Jake Reeves 0-0: Swinging Strike
0-1: Called Strike
0-2: Ball
1-2: Fly out, F9 (Flyball, 9S)
Batting: LHB Steven Smith 0-0: Foul Ball, location: 2F
0-1: Ball
1-1: Ball
2-1: Ball
3-1: Base on Balls
Batting: RHB Jake Lawrence 0-0: Called Strike
0-1: Ball
1-1: Foul Ball, location: 2F
1-2: Ball
2-2: Strikes out looking
Batting: LHB Roderick Delgado 0-0: Swinging Strike
0-1: Ball
Wild Pitch!
Steven Smith to second
1-1: Ball
2-1: Swinging Strike
2-2: Ball
3-2: Strikes out swinging
Bottom of the 8th over - 0 run(s), 0 hit(s), 0 error(s), 1 left on base; Surrey 7 - Chula Vista 3
TOP OF THE 9TH
Surrey Sinners batting - Pitching for Chula Vista Tacos : RHP Andre Huff
Batting: RHB Jorge Barrios 0-0: Ball
1-0: Ball
2-0: Called Strike
2-1: Called Strike
2-2: Foul Ball, location: 2F
2-2: Strikes out swinging
Batting: LHB Jorge Martínez 0-0: Swinging Strike
0-1: Ball
1-1: Ball
2-1: Ground out 1-3 (Groundball, 13)
Pitching: LHP Matt Hull
Batting: LHB Iván Espinosa 0-0: SINGLE (Groundball, 34D)
Batting: RHB Dennis House 0-0: Called Strike
0-1: Ball
1-1: Ball
2-1: Foul Ball, location: 2F
2-2: 2-RUN HOME RUN (Flyball, 8LXD), Distance : 437 ft
Batting: RHB John Stevens 0-0: DOUBLE (Flyball, 89XD)
Batting: RHB Jason Nava 0-0: Foul Ball, location: 2F
0-1: Ball
1-1: Fly out, F2 (Popup, 23)
Top of the 9th over - 2 run(s), 3 hit(s), 0 error(s), 1 left on base; Surrey 9 - Chula Vista 3
BOTTOM OF THE 9TH
Chula Vista Tacos batting - Pitching for Surrey Sinners : LHP Ramón Cardenas
Batting: LHB Nick Hill 0-0: Ball
1-0: Foul Ball, location: 2F
1-1: Swinging Strike
1-2: Ground out 4-3 (Groundball, 4M)
Batting: RHB Júlio García 0-0: Called Strike
0-1: Ball
1-1: Ground out 6-3 (Groundball, 56)
Batting: RHB Matt O'Rourke 0-0: SINGLE (Groundball, 34D)
Batting: RHB Ron Garrett 0-0: Foul Ball, location: 2F
0-1: Swinging Strike
0-2: Ball
1-2: Strikes out swinging
Bottom of the 9th over - 0 run(s), 1 hit(s), 0 error(s), 1 left on base; Surrey 9 - Chula Vista 3
Tuesday, August 8th, 2017 - OOTP Baseball 17.12 Build 75